[Event "*** Titled Tuesday Blitz"]
[Site "Chess.com"]
[Date "2020.02.04"]
[Round "2"]
[White "Coiote53"]
[Black "gmcorrales"]
[Result "1-0"]
[WhiteElo "2613"]
[BlackElo "2820"]
[TimeControl "180+2"]
[EndTime "9:24:06 PST"]
[Termination "Coiote53 won by resignation"]

1. e4 c5 2. Nf3 d6 3. d4 cxd4 4. Nxd4 Nf6 5. Nc3 a6 6. Be3 e5 7.
Nb3 Be7 8. f3 Be6 9. Qd2 Nbd7 10.
O-O-O O-O 11. Kb1 b5 12. Nd5 Bxd5 13. exd5 Nb6 14. Bxb6 Qxb6 15. Na5 Nxd5 16. Qxd5 Qxa5 17. Bd3 Rac8 18. g4 Qa4 19. h4 Rc7 20. h5 Qb4 21. a3 Qa4 22. Rde1 Qf4 23. Be4 Rb8 24. Qd3 h6 25. Qd5 a5 26. Rd1 b4 27. Qxa5 Rbc8 28. axb4 Qe3 29. b5 Ra7 30. Qd2 Qb6 31. Qd3 Rc5 32. c4 Qa5 33. Bd5 e4 34. Qxe4 Rc8 35. Qf5 Rf8 36. Qd3 Bf6 37. Qb3 Qb6 38. Rhe1 Kh8 39. Re2 Qa5 40. Rde1 g6 41. Re8 Rxe8 42. Rxe8+ Kg7 43. hxg6 Qd2 44. gxf7 Be7 45. Qc3+ Qxc3 46. bxc3 Bf8 47. b6 Ra6 48. b7 Rb6+ 49. Kc2 1-0

[Event "*** Titled Tuesday Blitz"]
[Site "Chess.com"]
[Date "2020.02.04"]
[Round "2"]
[White "heyiampotato"]
[Black "DonBroca"]
[Result "1-0"]
[WhiteElo "2461"]
[BlackElo "2160"]
[TimeControl "180+2"]
[EndTime "9:24:06 PST"]
[Termination "heyiampotato won on time"]

1. d4 Nf6 2. c4 g6 3. Nc3 Bg7 4. e4 d6 5. Nf3 O-O 6. Be2 Nbd7 7. O-O e5 8. Qc2 b6 9. d5 a5 10. Bg5 h6 11. Bd2 Nc5 12. b3 Bd7 13. a3 Nh5 14. b4 axb4 15. axb4 Nb7 16. g3 f5 17. Nh4 f4 18. Nxg6 f3 19. Rxa8 Qxa8 20. Nxf8 fxe2 21.
Nxd7 exf1=Q+ 22. Kxf1 Qc8 23. Qd1 Nxg3+ 24. hxg3 Qxd7 25.
Qh5 Nd8 26. Bxh6 Bxh6 27. Qxh6 Qg4 28. Kg2 Nf7 29. Qh4 Qg6 30. Nb5 Ng5 31. Nxc7 Nxe4 32.
Ne6 Nf6 33. Qg5 Qxg5 34. Nxg5 b5 35. cxb5 Nxd5 36. Ne4 Nxb4 37. Nxd6 Kf8 38. Kf3 Nd5 39. Nc4 Ke7 40. b6 Kd8 41. Ke4 Ne7 42. Kxe5 Kd7 43. f4 Nc6+ 44. Kf6 Nd4 45. g4 Nf3 46. g5 Kc6 47. Ne5+ 1-0

[Event "*** Titled Tuesday Blitz"]
[Site "Chess.com"]
[Date "2020.02.04"]
[Round "2"]
[White "FelixJoseYnojosa"]
[Black "crescentmoon2411"]
[Result "0-1"]
[WhiteElo "2662"]
[BlackElo "2985"]
[TimeControl "180+2"]
[EndTime "9:24:07 PST"]
[Termination "crescentmoon2411 won by resignation"]

1. e4 c5 2. c3 Nf6 3. e5 Nd5 4. d4 cxd4 5. cxd4 d6 6. Nf3 Nc6 7. Bc4 Nb6 8. Bb5 Bd7 9. Nc3 dxe5 10. dxe5 g6 11. Qe2 Bg7 12. h3 O-O 13. O-O a6 14. Bd3 Be6 15. Rd1 Qc7 16. Bf4 Rfd8 17. Rac1 Nd5 18. Nxd5 Bxd5 19. Bc4 Bxf3 20. Qxf3 e6 21. Re1 Qa5 22. a3 Rac8 23. b4 Qb6 24.
Qg3 Qd4 25. Kh1 Nxe5 26. Bxe5 Bxe5 27. Qxe5 Rxc4 28. Qxd4 Rdxd4 29. Rxc4 Rxc4 30. Rd1 Rc3 31. a4 Rc4 32. Rb1 b6 33. a5 bxa5 34. bxa5 Ra4 35.
Kh2 Rxa5 36. Kg3 Kg7 37. Rb7 g5 38. Kg4 Kg6 39. Kg3 Ra1 40. Ra7 a5 41. Ra6 a4 42.
Ra5 a3 43. Kg4 h5+ 44. Kg3 h4+ 45. Kg4 f5+ 46. Kf3 Kf6 47. Ra8 a2 48. Ra5 e5 49.
Ra6+ Ke7 50. Ra7+ Kd6 51. Ra6+ Kc5 52. Ra5+ Kd4 53. Ra4+ Kc3 54. Ra5 e4+ 55. Ke2 g4 56. Ra8 gxh3 57. gxh3 f4 58. Rc8+ Kd4 59. Rd8+ Kc5 60.
Rc8+ Kd6 61. Rd8+ Kc7 62. Ra8 f3+ 63. Kd2 Rf1 0-1

[Event "*** Titled Tuesday Blitz"]
[Site "Chess.com"]
[Date "2020.02.04"]
[Round "2"]
[White "Kobalia"]
[Black "dretch"]
[Result "1-0"]
[WhiteElo "2614"]
[BlackElo "2738"]
[TimeControl "180+2"]
[EndTime "9:24:12 PST"]
[Termination "Kobalia won on time"]

1. e4 e6 2. d4 d5 3. Nc3 Nf6 4. e5 Nfd7 5. f4 c5 6. Nf3 Nc6 7. Be3 cxd4 8. Nxd4 Bc5 9. Qd2 O-O 10.
O-O-O a6 11. Qf2 Bxd4 12. Bxd4 b5 13. h4 b4 14. Na4 Nxd4 15. Qxd4 a5 16. Bb5 Rb8 17.
Bxd7 Bxd7 18. Nc5 a4 19. Kb1 Bb5 20. h5 Qc7 21. Rd2 Rfc8 22. Nd3 b3 23. cxb3 axb3 24. a3 Qa5 25. Qe3 d4 26. Qe2 Rc3 27. Rhd1 h6 28. Qe4 Rc2 29. Nb4 d3 30. g4 Rbc8 31. Rxd3 Bxd3 32. Qxd3 Qa4 33. g5 hxg5 34.
fxg5 R2c4 35. g6 Qe8 36. Rg1 fxg6 37. hxg6 Rxb4 38. Qh3 Rc1+ 39. Kxc1 Qc6+ 40. Kb1 Rf4 41. Qh7+ Kf8 42. Qh8+ Ke7 43. Qxg7+ Ke8 44. Qh8+ Ke7 45. g7 Qe4+ 46. Ka1 Qf5 47. Qh1 1-0

[Event "*** Titled Tuesday Blitz"]
[Site "Chess.com"]
[Date "2020.02.04"]
[Round "2"]
[White "SONOFHOLYGOD"]
[Black "manmanlai1"]
[Result "1-0"]
[WhiteElo "2612"]
[BlackElo "2284"]
[TimeControl "180+2"]
[EndTime "9:24:21 PST"]
[Termination "SONOFHOLYGOD won by resignation"]

1. d4 d5 2. c4 e6 3. cxd5 exd5 4. Nc3 c6 5. Qc2 Bd6 6. a3 Ne7 7. Bg5 O-O 8. e3 Qe8 9. Bd3 f6 10. Bh4 Qh5 11. Bg3 Bxg3 12. fxg3 Qh6 13. Qf2 Re8 14.
Nge2 Bg4 15. O-O Bxe2 16. Nxe2 Nd7 17. Nf4 Nf8 18. b4 a6 19. Rae1 Nc8 20. e4 dxe4 21. Bxe4 Nd6 22. Bf3 Kh8 23. d5 cxd5 24. Bxd5 Qg5 25.
Qb6 Red8 26. Re7 Ng6 27. Nxg6+ hxg6 28. Bf3 Qb5 29. Qf2 Rd7 30. Re2 Re8 31. Rd2 Nf5 32. Rc2 Ne3 33. Re1 Rde7 34. Rce2 Qb6 35. h3 f5 36. Kh2 Kg8 37. Kh1 Kf8 38. g4 f4 39.
Bxb7 g5 40. Bf3 Kg8 41. Kg1 Kh8 42. Rd2 a5 43. bxa5 Qxa5 44. Rc1 Qxa3 45. Rb1 Qc5 46. Kh1 Rc7 47. Re2 Rec8 48. Ree1 Qd4 49. Qa2 Rc2 50. Qf7 Qd6 51. Rb7 Qh6 52. Re7 Qf6 53. Qh5+ Qh6 54. Qf7 Qf6 55. Re8+ Kh7 56. Be4+ 1-0

[Event "*** Titled Tuesday Blitz"]
[Site "Chess.com"]
[Date "2020.02.04"]
[Round "2"]
[White "guna1976"]
[Black "petrpalachev"]
[Result "1-0"]
[WhiteElo "2250"]
[BlackElo "2654"]
[TimeControl "180+2"]
[EndTime "9:24:24 PST"]
[Termination "guna1976 won by resignation"]

1. d4 Nf6 2. Nf3 d6 3. c4 g6 4. Nc3 Bf5 5. h3 Bg7 6. Bf4 Ne4 7. e3 Nxc3 8. bxc3 O-O 9. Be2 Nc6 10. O-O e5 11. Bh2 Re8 12. Re1 a6 13. Qa4 Bd7 14.
Qa3 h6 15. Rab1 Rb8 16. Red1 e4 17. Nd2 f5 18. c5 dxc5 19. Qxc5 Be6 20. Bc4 Bxc4 21.
Qxc4+ Kh7 22. Nb3 Bf8 23. Qf7+ Bg7 24. Bxc7 Re7 25. Bxd8 Rxf7 26. Bb6 Rc8 27. Nc5 Bf8 28. Ne6 Bd6 29. Bc5 Bb8 30. Ba3 Nd8 31. Nxd8 Rxd8 32. c4 Rc7 33. Bc5 Rcd7 34. Bb6 Rc8 35. c5 Rd5 36. g3 Kg7 37. Rdc1 Kf7 38. Kf1 Ke6 39. Ke2 Rd7 40. Ba5 Rc6 41. Rb3 Bc7 42. Bxc7 Rcxc7 43. Rcb1 Kf7 44. Rb6 Kg7 45. h4 h5 46. Re6 Re7 47. Rxe7+ Rxe7 48. Rb6 Kh7 49. Kd2 Rg7 50. d5 Kg8 51. Kc3 Kf8 52. Kd4 Ke8 53.
c6 bxc6 54. Rxc6 Rb7 55. Rxa6 Rb2 56. Ke5 Rxf2 57. Ke6 Kd8 58. d6 Kc8 59. d7+ Kb7 60. Rd6 1-0

[Event "*** Titled Tuesday Blitz"]
[Site "Chess.com"]
[Date "2020.02.04"]
[Round "2"]
[White "Kirill_Kopenkin"]
[Black "SabinaFoisor"]
[Result "1-0"]
[WhiteElo "2514"]
[BlackElo "2240"]
[TimeControl "180+2"]
[EndTime "9:24:28 PST"]
[Termination "Kirill_Kopenkin won by resignation"]

1. e4 e5 2. Nf3 Nc6 3. Bc4 Bc5 4. d3 Nf6 5. O-O O-O 6. c3 d6 7. Bb3 a6 8. Nbd2 Ba7 9. h3 Be6 10. Re1 Qd7 11. Nf1 Bxb3 12. Qxb3 Ne7 13. d4 Ng6 14. Ng3 Rfe8 15. Bg5 Qe6 16. Qxb7 Reb8 17. Qxc7 Rxb2 18. Be3 Qd7 19. Qxd7 Nxd7 20. Nf5 Rc8 21. Rec1 Bb8 22. h4 Nf6 23. Nd2 h5 24. f3 d5 25. Rab1 Rxb1 26. Rxb1 dxe4 27. Nxe4 Nxe4 28. fxe4 exd4 29.
Bxd4 Be5 30. Rb6 Bxd4+ 31. cxd4 Rc2 32. Rxa6 Nf4 33. g3 Ne2+ 34. Kf1 Nc3 35. a4 Nxe4 36.
Ke1 Rc3 37. Ra8+ Kh7 38. a5 Nxg3 39. Nd6 Kg6 40. a6 Rd3 41. a7 Ra3 42. Nb5 Ra1+ 43. Kd2 Nf5 44. Rd8 Nxh4 45. a8=Q Rxa8 46. Rxa8 Nf3+ 47. Ke3 Ng5 48. Nd6 f6 49. Ne4 h4 50.
Nxg5 Kxg5 51. d5 h3 52. Rh8 Kf5 53. Rxh3 Ke5 54. Rh7 g5 55. Rd7 f5 56. Rd8 f4+ 57. Kf3 Kf6 58. Kg4 Ke7 59. Rg8 1-0

[Event "*** Titled Tuesday Blitz"]
[Site "Chess.com"]
[Date "2020.02.04"]
[Round "2"]
[White "FairChess_on_YouTube"]
[Black "CrgKrishna"]
[Result "1-0"]
[WhiteElo "3040"]
[BlackElo "2473"]
[TimeControl "180+2"]
[EndTime "9:24:29 PST"]
[Termination "FairChess_on_YouTube won by resignation"]

1. d4 d5 2. c4 c6 3. Nf3 Nf6 4. e3 Bf5 5. Nc3 a6 6. Nh4 Bc8 7. Nf3 Bf5 8. Ne5 Nbd7 9. Qb3 Qc7 10. cxd5 Nxe5 11. dxe5 Nxd5 12. Nxd5 cxd5 13. Bd2 Qxe5 14. Rc1 Bd7 15. Bc3 Qc7 16. Qxd5 Bc6 17. Qg5 h6 18. Qg4 e6 19. Be2 h5 20. Qh3 Rh6 21. O-O g5 22. Rfd1 g4 23. Qg3 Qxg3 24. hxg3 f5 25. Be5 h4 26. gxh4 Rxh4 27. Bf1 Be7 28. Rxc6 bxc6 29. g3 Rh6 30. Rc1 Kd7 31. Rd1+ Ke8 32. Bg2 Rc8 33. Rc1 Kd7 34. Rd1+ Ke8 35. Rc1 Kd7 36. e4 Bf6 37. Bf4 Rh7 38. Rd1+ Ke8 39. exf5 exf5 40. Rd6 Bxb2 41. Bxc6+ Kf8 42. Bd7 Rc5 43.
Be3 Ra5 44. Be6 Rc7 45. Bb3 Ba3 46. Rf6+ Kg7 47. Bd4 Kh7 48. Kg2 Bc5 49. Rxf5 Bb6 50. Bxb6 Rxf5 51. Bxc7 Kg7 52. Bf4 1-0

[Event "*** Titled Tuesday Blitz"]
[Site "Chess.com"]
[Date "2020.02.04"]
[Round "2"]
[White "GianmarcoVaR"]
[Black "Shield12"]
[Result "1-0"]
[WhiteElo "2622"]
[BlackElo "2881"]
[TimeControl "180+2"]
[EndTime "9:24:32 PST"]
[Termination "GianmarcoVaR won by resignation"]

1. d4 d5 2. c4 e6 3. Nf3 c6 4.
Qc2 Nf6 5. g3 Nbd7 6. Bg2 Bd6 7.
O-O O-O 8. b3 b6 9. Bb2 Bb7 10.
Nbd2 Qe7 11. e4 dxe4 12. Nxe4 Nxe4 13. Qxe4 Nf6 14. Qe2 c5 15. Rad1 Rad8 16. Rfe1 cxd4 17. Nxd4 Bxg2 18. Kxg2 Bb4 19. Nc6 Qb7 20. Qf3 Rxd1 21.
Rxd1 Be7 22. Nxe7+ Qxe7 23. Bxf6 gxf6 24. Qg4+ Kh8 25. Qd4 Rc8 26. Qd7 Rc7 27. Qxe7 Rxe7 28. Kf3 f5 29. Kf4 f6 30. b4 Rc7 31. Rc1 Kg7 32. c5 bxc5 33. Rxc5 Rxc5 34. bxc5 Kf7 35. Ke3 Ke7 36. Kd4 Kd7 37. Kc4 Kc6 38. Kb4 e5 39. a4 h5 40. h4 a6 41. Ka5 Kxc5 42. Kxa6 Kc6 43. Ka5 Kc5 44. Ka6 Kc6 45. a5 f4 46.
gxf4 exf4 47. f3 f5 48. Ka7 Kc7 49. a6 Kc8 50. Kb6 Kb8 51. Kc5 Ka7 52. Kd5 Kxa6 53. Ke5 Kb6 54. Kxf5 1-0

[Event "*** Titled Tuesday Blitz"]
[Site "Chess.com"]
[Date "2020.02.04"]
[Round "2"]
[White "TrimitziosP7"]
[Black "Mikhail_Golubev"]
[Result "1-0"]
[WhiteElo "2772"]
[BlackElo "2558"]
[TimeControl "180+2"]
[EndTime "9:24:32 PST"]
[Termination "TrimitziosP7 won by resignation"]

1. Nf3 d6 2. d4 Nf6 3. b3 g6 4. Bb2 Bg7 5. c4 O-O 6. g3 e5 7.
dxe5 Nfd7 8. Bg2 dxe5 9. Nfd2 f5 10. O-O Nc6 11. e3 e4 12. Bxg7 Kxg7 13. Nc3 Nde5 14. Qc2 Nb4 15. Qd1 Be6 16. a3 Nbd3 17. Qc2 h5 18.
Rfd1 h4 19. Ne2 hxg3 20. hxg3 Ng4 21. Nf4 Nxf4 22. exf4 Qf6 23. Nf1 Rad8 24. Qe2 Rd3 25. Rxd3 exd3 26. Qe1 c6 27. Rd1 Rd8 28. Qd2 Qd4 29.
Re1 Kf7 30. Ne3 Nxe3 31. Rxe3 Qa1+ 32. Bf1 Qxa3 33. Rxd3 Rxd3 34. Qxd3 Qa1 35. Kg2 Qf6 36. Qe3 a6 37. b4 Qe7 38. c5 Qf6 39. Be2 Bd5+ 40.
Bf3 Qe6 41. Bxd5 Qxd5+ 42. Kh2 Qe4 43. Qxe4 fxe4 44. g4 Ke6 45. Kg3 Kd5 46. f5 gxf5 47. gxf5 a5 48. bxa5 Kxc5 49. Kf4 Kd6 50. Kxe4 Ke7 51.
Ke5 Kf7 52. f6 Kf8 53. Ke6 Ke8 54. f7+ Kf8 55. f3 c5 56. Kd5 1-0

[Event "*** Titled Tuesday Blitz"]
[Site "Chess.com"]
[Date "2020.02.04"]
[Round "2"]
[White "Quiet_Desperation"]
[Black "vlad_Sid"]
[Result "1-0"]
[WhiteElo "2443"]
[BlackElo "2693"]
[TimeControl "180+2"]
[EndTime "9:24:34 PST"]
[Termination "Quiet_Desperation won by resignation"]

1. e4 c6 2. d4 d5 3. e5 Bf5 4.
h4 h5 5. Bd3 Bxd3 6. Qxd3 e6 7.
Nf3 Qa5+ 8. c3 Qa6 9. Qxa6 Nxa6 10. b3 Ne7 11. Ba3 Nf5 12. Bxf8 Kxf8 13. Nbd2 Ke7 14. Ke2 Rac8 15. Rac1 Rc7 16. b4 b6 17. a4 c5 18.
b5 Nb8 19. Nb3 Nd7 20. g3 Rhc8 21. Rhd1 a5 22. Kd2 f6 23. Re1 fxe5 24. dxe5 c4 25. Nbd4 Nxd4 26. cxd4 c3+ 27. Kd3 Rc4 28. Ra1 c2 29. Rec1 Rb4 30. Ra3 Rcc4 31. Rxc2 Rxa4 32. Rxa4 Rxa4 33. Rc8 Ra3+ 34. Ke2 Rb3 35. Ng5 Rxb5 36.
Rc6 Nf8 37. Rc7+ Nd7 38. Rc6 Nf8 39. Rc7+ Kd8 40. Rxg7 Rb2+ 41. Kf3 Rc2 42. Rf7 Ke8 43. Rb7 Rc3+ 44. Ke2 Rc6 45. Nf7 Nd7 46. Nd6+ Kd8 47. Ra7 Ke7 48. Ra8 Nf6 49. Nc8+ Rxc8 50. exf6+ Kd7 51.
Rxc8 Kxc8 52. f7 Kd7 53. f8=Q Kc6 54. Qa3 Kb5 55. Kd3 Kc6 56. Kc3 Kb7 1-0

[Event "*** Titled Tuesday Blitz"]
[Site "Chess.com"]
[Date "2020.02.04"]
[Round "2"]
[White "victormago"]
[Black "Gordima"]
[Result "1-0"]
[WhiteElo "2415"]
[BlackElo "2780"]
[TimeControl "180+2"]
[EndTime "9:24:34 PST"]
[Termination "victormago won by resignation"]

1. d4 Nf6 2. c4 e6 3. Nc3 Bb4 4. Qc2 c5 5. dxc5 O-O 6. Nf3 Bxc5 7.
e3 b6 8. Be2 Bb7 9. O-O Be7 10.
b3 d6 11. Bb2 Nbd7 12. Rfd1 a6 13. Rac1 Qc7 14. Qb1 Rac8 15. h3 Qb8 16. Ng5 Ne5 17. Nce4 Nxe4 18. Nxe4 Rfd8 19. Ng3 Qa8 20. Bf1 Bf8 21. Rd4 g6 22. Rcd1 Qb8 23. Ne4 Bxe4 24. Qxe4 Bg7 25. R4d2 Nc6 26. Bxg7 Kxg7 27. g3 Qc7 28.
Bg2 Qe7 29. Qb1 Ne5 30. f4 Nc6 31. Bxc6 Rxc6 32. Rd3 b5 33. cxb5 axb5 34. R1d2 Rdc8 35. Qb2+ e5 36. Kg2 b4 37. Kf2 h5 38. h4 Qe6 39.
Kg2 Qf5 40. Kh2 Kh7 41. fxe5 dxe5 42. Rd5 Rc3 43. Rf2 Qe6 44. e4 R8c7 45. Qe2 Kg7 46. Kg2 Ra7 47. Rd3 Rac7 48. Rd5 Rc1 49. Qd2 Ra1 50.
Rd6 Qe7 51. Rdf6 Rd7 52. Qg5 Rc7 53. Rxf7+ Qxf7 54. Qxe5+ Kg8 55. Rxf7 1-0

[Event "*** Titled Tuesday Blitz"]
[Site "Chess.com"]
[Date "2020.02.04"]
[Round "2"]
[White "Sergey85Rodchenkov"]
[Black "BocharovD"]
[Result "0-1"]
[WhiteElo "2545"]
[BlackElo "2744"]
[TimeControl "180+2"]
[EndTime "9:24:36 PST"]
[Termination "BocharovD won by resignation"]

1. e4 c5 2. Nf3 d6 3. d4 cxd4 4. Nxd4 Nf6 5. Nc3 a6 6. Be2 e6 7. O-O Be7 8. Be3 Qc7 9. f4 O-O 10. Kh1 Nc6 11. Qe1 Nxd4 12. Bxd4 b5 13. a3 Bb7 14.
Qg3 Rad8 15. Rae1 Rd7 16. Bd3 Re8 17. e5 dxe5 18. Bxe5 Qd8 19. Qh3 g6 20. Qh6 Bf8 21. Qh4 Bg7 22. Qg3 Nh5 23. Qh3 f6 24. f5 exf5 25.
Bg3 Nxg3+ 26. Qxg3 Rde7 27. Rxe7 Qxe7 28. a4 b4 29. Bc4+ Kh8 30. Nd5 Qe4 31. Qd3 a5 32. h3 Qxd3 33. cxd3 Bf8 34. b3 Kg7 35. Nf4 Bd6 36.
Ne6+ Kh6 37. d4 Be4 38. d5 Rc8 39. Kg1 g5 40. Re1 Kg6 41. Kf2 Be5 42. Re2 h5 43. Rd2 Bd6 44. Re2 h4 45. Rd2 g4 46. hxg4 fxg4 47. Re2 f5 48. Nd4 Bc5 49. Rd2 f4 50.
Ke2 Re8 51. d6 Bxd6 52. Ne6 Be5 53. Rd7 Bf5 0-1

[Event "*** Titled Tuesday Blitz"]
[Site "Chess.com"]
[Date "2020.02.04"]
[Round "2"]
[White "tarantul1"]
[Black "SHIVACalypso"]
[Result "1-0"]
[WhiteElo "2608"]
[BlackElo "2216"]
[TimeControl "180+2"]
[EndTime "9:24:38 PST"]
[Termination "tarantul1 won by resignation"]

1. e4 e6 2. d4 d5 3. Nd2 Nf6 4. e5 Nfd7 5. Bd3 c5 6. c3 Nc6 7.
Ne2 cxd4 8. cxd4 f6 9. exf6 Nxf6 10. Nf3 Bd6 11. O-O O-O 12. Bf4 Bxf4 13. Nxf4 Ne4 14. Qc1 Qf6 15. Ne2 Nb4 16. Bb1 Bd7 17. Qe3 Rac8 18.
Qb3 Nc6 19. Qxb7 Rfd8 20. Qb3 Rb8 21. Qa3 e5 22. dxe5 Nxe5 23. Bxe4 dxe4 24. Nxe5 Qxe5 25.
Nc3 e3 26. fxe3 Qxe3+ 27. Kh1 Qd2 28. Rad1 Qxb2 29. Qxa7 Be6 30. Rxd8+ Rxd8 31. Qe7 Qb6 32. Na4 Qd4 33. Qxe6+ Kh8 34. Qb3 h6 35. h3 Qe5 36.
Qf3 Qd4 37. Nc3 Rc8 38. Ne4 Re8 39. Ng3 Qa4 40. a3 Rb8 41. Nh5 Qa6 42. Kh2 Qd6+ 43. Ng3 Rd8 44. Re1 Rc8 45. Re4 Rf8 46. Qe3 Rf6 47.
Re8+ Kh7 48. a4 Rg6 49. Re5 Qa6 50. a5 Rf6 51. Qe4+ Rg6 52. Nh5 Qc6 53. Qxc6 Rxc6 54. Re7 Kg6 55. Nxg7 Ra6 56. Re6+ 1-0

[Event "*** Titled Tuesday Blitz"]
[Site "Chess.com"]
[Date "2020.02.04"]
[Round "2"]
[White "Andro2"]
[Black "HarryCun"]
[Result "0-1"]
[WhiteElo "2416"]
[BlackElo "2122"]
[TimeControl "180+2"]
[EndTime "9:24:40 PST"]
[Termination "HarryCun won by resignation"]

1. e4 c6 2. d4 d5 3. Nd2 dxe4 4.
Nxe4 Bf5 5. Ng3 Bg6 6. Nh3 h6 7. Nf4 Bh7 8. c3 Nf6 9. Bc4 e6 10. O-O Nbd7 11. Bxe6 fxe6 12. Nxe6 Qa5 13. Re1 Be7 14.
b4 Qb6 15. Nxg7+ Kf7 16. N7f5 Bxf5 17. Nxf5 Bd8 18. Nxh6+ Kf8 19. Nf5 Bc7 20. h3 Re8 21.
Bh6+ Kf7 22. Qf3 Qb5 23. Bg5 Qd5 24. Qxd5+ Nxd5 25. Bd2 N7f6 26. Rxe8 Rxe8 27. Re1 Ne4 28. Nh6+ Kf8 29. Bc1 Nexc3 30. Rxe8+ Kxe8 31. Kf1 Nxb4 32. a3 Nc2 33. Nf5 Bb6 34. Be3 Nxa3 35. g4 Nc4 36. h4 Nxe3+ 37. fxe3 a5 38. h5 Ne4 39. h6 Ng5 40.
Ke2 Kf7 41. Kd3 Ke6 42. e4 Bc7 43. Ng7+ Kf7 44. Nf5 b5 45. e5 c5 46. dxc5 Bxe5 47.
c6 a4 48. Kc2 b4 49. Ne3 b3+ 50.
Kc1 a3 51. Nc4 Bf4+ 52. Kb1 a2+ 53. Kb2 Ne4 54. h7 Kg7 55. Na3 Be5+ 56. Kxb3 a1=Q 57. Nc4 Qc3+ 0-1

[Event "*** Titled Tuesday Blitz"]
[Site "Chess.com"]
[Date "2020.02.04"]
[Round "2"]
[White "BabyBoss31"]
[Black "Reality-Stone"]
[Result "1-0"]
[WhiteElo "2203"]
[BlackElo "2485"]
[TimeControl "180+2"]
[EndTime "9:24:42 PST"]
[Termination "BabyBoss31 won by checkmate"]

1. d4 Nf6 2. c4 e6 3. Nf3 d5 4. g3 dxc4 5. Qc2 a6 6. Qxc4 Nc6 7. Bg2 Bd6 8. O-O Bd7 9. Nc3 O-O 10. Bg5 b5 11.
Qd3 h6 12. Bxf6 Qxf6 13. Ne4 Qe7 14. Nxd6 cxd6 15. Rac1 Rac8 16. a3 Na5 17. Nd2 d5 18. b4 Nc4 19. Nb3 Nxa3 20. Nc5 Nc4 21. Nxa6 Ra8 22.
Nc5 Ra3 23. Qb1 Rfa8 24. Rfd1 Ra2 25. Rc2 R2a3 26. e3 f5 27. Rdc1 Be8 28. Rc3 Ra2 29.
R3c2 R2a7 30. Qb3 Ra3 31. Qb1 Bg6 32. Rc3 Ra2 33. Qd3 Rd2 34. Qf1 Raa2 35. Nb3 Rdb2 36. Nc5 Bh5 37. Qe1 Re2 38. Qf1 Nd2 39. Qd1 Nf3+ 40.
Bxf3 Bxf3 41. Qf1 g5 42. Nd3 Qd6 43. Ne5 Rxf2 44. Qxf2 Rxf2 45. Kxf2 g4 46. Rc8+ Kg7 47. R1c7+ Kf6 48. Rf7+ Kg5 49. Rg8+ Kh5 50. Rfg7 Qxb4 51. Rg5+ hxg5 52. Rh8# 1-0

[Event "*** Titled Tuesday Blitz"]
[Site "Chess.com"]
[Date "2020.02.04"]
[Round "2"]
[White "PIwan"]
[Black "DishonorOnYourCow"]
[Result "1-0"]
[WhiteElo "2507"]
[BlackElo "2210"]
[TimeControl "180+2"]
[EndTime "9:24:58 PST"]
[Termination "PIwan won by resignation"]

1. c4 e5 2. Nc3 Nc6 3. Nf3 Nf6 4. e3 Bb4 5. Qc2 Bxc3 6. Qxc3 Qe7 7. d4 Ne4 8. Qd3 exd4 9. Nxd4 Qb4+ 10. Bd2 Nxd2 11.
Qxd2 Qe7 12. O-O-O d6 13. Nxc6 bxc6 14. Qd4 O-O 15.
Bd3 c5 16. Qf4 Bb7 17. h4 Rae8 18. h5 h6 19. Rh4 Qe5 20. Qg4 Rb8 21. Qf5 Qxf5 22.
Bxf5 Rfe8 23. g3 Re5 24. Rf4 a5 25. Rd3 Bc6 26. Ra3 a4 27. g4 Rb4 28. Kc2 Re8 29. b3 axb3+ 30. axb3 Reb8 31. Kc3 d5 32. Bc2 Kf8 33.
Ra5 dxc4 34. Rxc4 Rxc4+ 35. bxc4 Bf3 36. Bf5 g6 37. hxg6 fxg6 38. Bxg6 Bxg4 39. Rxc5 Kg7 40. Be4 Rc8 41. Bb7 Rf8 42. Rxc7+ Kg6 43. Be4+ Kg5 44. Rg7+ Kh4 45. f4 Re8 46. Kd4 h5 47. c5 Kg3 48.
c6 Kf2 49. c7 Bc8 50. Rg2+ Kf1 51. Rh2 Bg4 52. Bb7 Kg1 53. Rh4 Bc8 54. Bxc8 Rxc8 55.
Rxh5 Rxc7 56. f5 Kg2 57. f6 Kg3 58. Rf5 Rf7 59. Ke5 Kg4 60. Ke6 Rf8 61. f7 Ra8 62. f8=Q 1-0

[Event "*** Titled Tuesday Blitz"]
[Site "Chess.com"]
[Date "2020.02.04"]
[Round "2"]
[White "Kimster98"]
[Black "OhanyanEminChess"]
[Result "1/2-1/2"]
[WhiteElo "2702"]
[BlackElo "2460"]
[TimeControl "180+2"]
[EndTime "9:24:59 PST"]
[Termination "Game drawn by repetition"]

1. d4 Nf6 2. c4 e5 3. dxe5 Ng4 4. Bf4 Nc6 5. Nf3 Bb4+ 6. Nbd2 Qe7 7. e3 Ngxe5 8.
Nxe5 Nxe5 9. Be2 d6 10. O-O Bxd2 11. Qxd2 O-O 12. Rac1 b6 13. b4 Bb7 14. c5 dxc5 15. bxc5 f6 16. Qc3 Rad8 17. cxb6 cxb6 18. Bxe5 Qxe5 19. Qxe5 fxe5 20. Rc7 Rf7 21. Bc4 Bd5 22. Bxd5 Rxd5 23. Rc8+ Rf8 24. Rc7 Rf7 25. Rc8+ Rf8 26. Rc7 Ra5 27. Rc2 Rd8 28. Rfc1 Rd7 29. g4 Kf7 30. Kg2 Ke6 31. Kg3 Ra4 32. h3 Rd6 33. Rb2 h6 34. Rc7 Rd7 35. Rc6+ Rd6 36. Rc7 Rd7 37. Rc8 Kf6 38. Rbc2 Ke6 39. R8c6+ Rd6 40. Rc7 Rd7 41. Rc8 Ke7 42. Rg8 Kf6 43. Rf8+ Ke6 44.
Re8+ Re7 45. Rec8 Rd7 46. Kf3 Ra5 47. Kg2 Ra4 48. Kg3 Kf6 49. Re2 Re7 50. h4 Rd7 51.
f3 Ke6 52. Rec2 Rd1 53. R8c7 Rd7 54. R7c6+ Rd6 55. Rc7 Rd7 56. Rc8 Ra3 57. Kf2 Rad3 58. Ke2 Ra3 59. Re8+ Re7 60. Rd8 Rd7 61. Re8+ Re7 62.
Rg8 Rd7 63. Re8+ 1/2-1/2

[Event "*** Titled Tuesday Blitz"]
[Site "Chess.com"]
[Date "2020.02.04"]
[Round "2"]
[White "Colombiano07"]
[Black "SlavenPastar"]
[Result "1-0"]
[WhiteElo "2255"]
[BlackElo "2493"]
[TimeControl "180+2"]
[EndTime "9:25:01 PST"]
[Termination "Colombiano07 won by checkmate"]

1. d4 d5 2. Nc3 Nf6 3. Bg5 e6 4. e4 Be7 5. e5 Nfd7 6. Bxe7 Qxe7 7. f4 a6 8. Nf3 c5 9. Qd2 Nc6 10. dxc5 Nxc5 11. Bd3 b5 12. Ne2 Bb7 13. Ned4 g6 14.
O-O h5 15. Rae1 Rc8 16. Kh1 Kf8 17. Nxc6 Bxc6 18. Nd4 Bb7 19. Re3 Ne4 20. Qa5 Qc7 21. Qb4+ Qe7 22. a3 Qc5 23. h4 Ke7 24. Kh2 Rc7 25. g3 Rhc8 26. Re2 Kd7 27. Nb3 Qe7 28. Rd1 Ke8 29. Qxe7+ Kxe7 30. Nd4 Nc5 31. Kg2 Na4 32. Rb1 Bc6 33. Kf2 Bd7 34. Ke3 Rc5 35. Rd2 R5c7 36. Re2 Rb8 37. c3 a5 38. Ra1 b4 39. axb4 axb4 40. cxb4 Rxb4 41. b3 Nc5 42. Rc2 Nxb3 43. Rxc7 Nxa1 44. Nc6+ Ke8 45. Nxb4 Nb3 46. Ra7 Nc5 47.
Bc2 Ke7 48. Kd4 Ne4 49. Bxe4 dxe4 50. Nc6+ Ke8 51. Ra8+ Bc8 52. Rxc8+ Kd7 53. Na7 Ke7 54. Kxe4 Kd7 55. Kd4 Ke7 56. Rc7+ Kf8 57. Nb5 Kg7 58. Nd6 g5 59. fxg5 Kg6 60. Ne4 Kf5 61. Rxf7+ Kg6 62. Rf6+ Kg7 63. g6 Kh6 64. g7+ Kh7 65. Ng5+ Kg8 66.
Nxe6 Kh7 67. Ke4 Kg8 68. Rf8+ Kh7 69. g8=Q+ Kh6 70. Rf6# 1-0

[Event "*** Titled Tuesday Blitz"]
[Site "Chess.com"]
[Date "2020.02.04"]
[Round "2"]
[White "AtabayevSaparmyrat"]
[Black "Yoshkinkot"]
[Result "1/2-1/2"]
[WhiteElo "2788"]
[BlackElo "2575"]
[TimeControl "180+2"]
[EndTime "9:25:05 PST"]
[Termination "Game drawn by repetition"]

1. d4 d5 2. Nf3 Nf6 3. c4 e6 4. Nc3 Nbd7 5. Bg5 c6 6. e3 Qa5 7. Nd2 dxc4 8. Bxf6 Nxf6 9. Nxc4 Qc7 10. Bd3 Be7 11. O-O O-O 12. Rc1 Rd8 13. Qe2 c5 14.
Nb5 Qb8 15. dxc5 Bxc5 16. Rfd1 Bd7 17. Ncd6 Bxd6 18. Nxd6 Bc6 19. Nc4 b6 20. f3 Bd5 21.
b3 Bxc4 22. Bxc4 Qe5 23. a4 g6 24. Rd3 Rxd3 25. Qxd3 Rc8 26. Rd1 h5 27. h4 Kg7 28.
Qd4 Qxd4 29. Rxd4 Kf8 30. Kf2 Ke7 31. Ke2 Nd7 32. Kd2 Rc7 33. Be2 Nc5 34. Bd1 Rd7 35.
Kc3 Rxd4 36. Kxd4 Kd6 37. b4 Na6 38. Kc4 Nc7 39. e4 a6 40. Kd4 e5+ 41. Kc4 Ne6 42.
Be2 Nd4 43. Bf1 f6 44. Kc3 a5 45. bxa5 bxa5 46. Bc4 g5 47. hxg5 fxg5 48. Bf7 h4 49. Kc4 Kc6 50. Be8+ Kd6 51. Bh5 Kc6 52. Bg4 Kd6 53.
Bc8 Kc6 54. Bf5 Kd6 55. Bg4 Kc6 56. Bh5 Kd6 57. Bg4 Kc6 58. Bh5 Kd6 59. Bg4 1/2-1/2